General information
- name: grudge05
- type: Custom game
- host: fINEx
- saver: NADMaN
map: TirisfalGlades
- players: 11
- length: 05:13
- speed: Fast
- version: 1.21 W3XP
- replay type: Public
» download(21 KB)
Players
team 1 (winner)
NADMaN (
green | 135 APM | 705 actions | 05:13)
2 Death Knight
1 Death Coil
1 Unholy Aura
» actions
| Assign group hotkey | 2 | |
| Basic commands | 25 | |
| Build / train | 24 | |
| ESC pressed | 2 | |
| Enter build submenu | 8 | |
| Enter hero's abilities submenu | 2 | |
| Right click | 391 | |
| Select / deselect | 95 | |
| Select group hotkey | 137 | |
| Use ability | 19 | |
705 total
» units
» buildings
| Crypt | 1 | |
| Ziggurat | 2 | |
| Altar of Darkness | 1 | |
| Tomb of Relics | 1 | |
| Nerubian Tower | 2 | |
| Halls of the Dead | 6 | |
| Graveyard | 1 | |
14 total
» build order
00:05 Crypt
00:08 Ziggurat
00:23 Altar of Darkness
00:55 Ziggurat
01:17 Tomb of Relics
02:41 Nerubian Tower
02:41 Nerubian Tower
02:48 Halls of the Dead
02:48 Halls of the Dead
02:48 Halls of the Dead
02:49 Halls of the Dead
03:38 Graveyard
» items
team 2 (loser)
tanuki (
red | 126 APM | 657 actions | 05:11)
1 Demon Hunter
1 Mana Burn
» actions
| Assign group hotkey | 5 | |
| Basic commands | 4 | |
| Build / train | 20 | |
| ESC pressed | 8 | |
| Enter build submenu | 6 | |
| Enter hero's abilities submenu | 1 | |
| Right click | 472 | |
| Select / deselect | 95 | |
| Select group hotkey | 22 | |
| Use ability | 24 | |
657 total
» units
» buildings
| Altar of Elders | 1 | |
| Moon Well | 2 | |
| Ancient of War | 2 | |
| Tree of Ages | 1 | |
6 total
» build order
00:04 Altar of Elders
00:20 Moon Well
00:51 Ancient of War
01:33 Moon Well
02:37 Tree of Ages
03:13 Ancient of War
refereesfINEx,
Mr.Wookums,
Jinnigan,
VELOX_NEB,
joltx,
GOKUMaN69,
NasbiN,
HERNaNDO,
3DGAYWORLD Chat log
(02:35 / All) NADMaN: dang
(03:58 / All) tanuki: gg
(05:09 / All) NADMaN: whoa
(05:09 / All) tanuki: gg